 Dungeon Crawl Stone Soup version 0.29.1-12-g30fa7ad0bf (webtiles) character file.

Game seed: 911164712961601819

215841 DildoBatman the Earth Mage (level 19, -3/146 HPs)
             Began as a Formicid Conjurer on Jan 15, 2023.
             Was an Initiate of Gozag.
             Slain by a jumping spider (7 damage)
             ... led by a broodmother
             ... on level 3 of the Spider Nest.
             The game lasted 01:58:45 (28574 turns).

DildoBatman the Earth Mage (Formicid Conjurer)     Turns: 28574, Time: 01:58:45

Health: -3/146     AC: 22    Str: 15    XL:     19   Next: 76%
Magic:  43/47      EV: 17    Int: 33    God:    Gozag
Gold:   7383       SH: 11    Dex: 20    Spells: 28/48 levels left

rFire   + . .      SeeInvis +   a - +6 halberd of Winter {pain, MP+9 Str+2 Int+2}
rCold   . . .      Faith    .   f - +2 buckler {AC+3}
rNeg    . . .      Spirit   .   o - +4 troll leather armour
rPois   +          Reflect  .   (helmet unavailable)
rElec   .          Harm     .   z - scarf {repulsion}
rCorr   .          Rampage  .   l - +0 pair of gloves
Will    ++...                   D - +2 pair of boots of Hepliaklqana's Pride {rPois Dex+3 Stlth+}
Stlth   +++.......              m - amulet of Gin and Tonic {RegenMP Str-3 Int-3 Dex+7 SInv}
HPRegen 1.14/turn               I - ring of Sunlight {rF+ Will+ Int+6 SInv}
MPRegen 0.70/turn               X - +4 ring of protection

@: repel missiles
A: permanent stasis, dig shafts and tunnels, antennae 3, four strong arms,
clever 1, strong 1, noise suppression
}: 1/15 runes: decaying
a: Dig, Shaft Self, Renounce Religion, Potion Petition, Call Merchant, Bribe
Branch


You were on level 3 of the Spider Nest.
You worshipped Gozag.
Gozag was greatly pleased with you.
You visited 5 branches of the dungeon, and saw 29 of its levels.
You also visited: Gauntlet.

You collected 9577 gold pieces.
You spent 1552 gold pieces at shops.
You paid 642 gold pieces to Gozag.

Inventory:

Hand Weapons
 a - the +6 halberd of Winter (weapon) {pain, MP+9 Str+2 Int+2}
   (You found it on level 2 of the Dungeon)

   In the hands of one skilled in necromantic magic, it inflicts extra damage on
   living creatures.
   Str:       It affects your strength (+2).
   Int:       It affects your intelligence (+2).
   MP:        It affects your magic capacity (+9).
 b - the +9 dagger "Kul Pica" {vorpal, rElec rF+}
   (You took it off a minotaur in a Gauntlet)

   It inflicts extra damage upon your enemies.
   rF:        It protects you from fire.
   rElec:     It insulates you from electricity.
 c - a +2 longbow of freezing
 d - a +4 scimitar of flaming
Missiles
 s - 10 javelins
 O - 3 throwing nets
Armour
 f - a +2 buckler of protection (worn)
 l - a +0 pair of gloves (worn)
 o - a +4 troll leather armour (worn)
 z - a scarf of repulsion (worn)
 D - the +2 pair of boots of Hepliaklqana's Pride (worn) {rPois Dex+3 Stlth+}
   (You found it on level 4 of the Dungeon)

   Dex:       It affects your dexterity (+3).
   rPois:     It protects you from poison.
   Stlth:     It makes you more stealthy.
Jewellery
 m - the amulet of Gin and Tonic (around neck) {RegenMP Str-3 Int-3 Dex+7 SInv}
   (You found it in a Gauntlet)

   [amulet of magic regeneration]

   It increases your rate of magic regeneration.
   Str:       It affects your strength (-3).
   Int:       It affects your intelligence (-3).
   Dex:       It affects your dexterity (+7).
   SInv:      It lets you see invisible.
 v - a +4 ring of evasion
 G - a ring of flight
 I - the ring of Sunlight (left hand) {rF+ Will+ Int+6 SInv}
   (You found it on level 15 of the Dungeon)

   [ring of intelligence]

   Int:       It affects your intelligence (+6).
   rF:        It protects you from fire.
   SInv:      It lets you see invisible.
   Will:      It increases your willpower.
 N - a ring of willpower
 Q - a ring of protection from cold
 U - a +6 ring of intelligence
 W - a ring of resist corrosion
 X - a +4 ring of protection (right hand)
Wands
 g - a wand of roots (15)
 r - a wand of acid (19)
 u - a wand of digging (3)
Scrolls
 h - 7 scrolls of identify
 i - 15 scrolls of immolation
 t - a scroll of enchant weapon
 y - 6 scrolls of vulnerability {unknown}
 C - 7 scrolls of magic mapping
 E - 8 scrolls of amnesia
 H - a scroll of acquirement {unknown}
 J - 3 scrolls of brand weapon {unknown}
 K - 4 scrolls of poison {unknown}
 M - 4 scrolls of fear
 P - 7 scrolls of fog
Potions
 e - 7 potions of brilliance
 j - 19 potions of curing
 n - 7 potions of magic
 p - 2 potions of invisibility {unknown}
 q - a potion of mutation
 w - 4 potions of might
 x - 8 potions of heal wounds
 A - 3 potions of resistance
 B - 3 potions of cancellation {unknown}
 L - 6 potions of attraction {unknown}
 R - 2 potions of berserk rage {unknown}
 S - 6 potions of degeneration {unknown}
 T - 3 potions of lignification {unknown}
 V - 2 potions of ambrosia {unknown}
Miscellaneous
 k - a phial of floods
 F - a phantom mirror
 Z - a box of beasts


   Skills:
 - Level 12.0 Fighting
 - Level 2.0 Polearms
 - Level 12.0 Armour
 - Level 9.0 Dodging
 - Level 2.4 Stealth
 - Level 16.0 Shields
 - Level 15.0 Spellcasting
 - Level 5.0 Conjurations
 * Level 16.2 Necromancy
 * Level 17.6 Earth Magic


You had 28 spell levels left.
You knew the following spells:

 Your Spells              Type           Power      Damage    Failure   Level
a - Borgnjor's Vile Clut  Necr/Erth      47%        N/A       1%          5
b - Conjure Flame         Conj/Fire      41%        6-21      2%          3
c - Stone Arrow           Conj/Erth      100%       3d13      1%          3
e - Searing Ray           Conj           100%       2d8       1%          2
f - Magic Dart            Conj           100%       1d8       1%          1
h - Dispel Undead         Necr           93%        3d29      1%          4
z - Sublimation of Blood  Necr           93%        N/A       0%          2

Your spell library contained the following spells:

 Spells                   Type           Power      Damage    Failure   Level
 Necrotise                Necr           100%       1d9       0%          1
 Sandblast                Erth           100%       2d20      0%          1
 Vampiric Draining        Necr           93%        2d12      0%          3
 Passwall                 Tmut/Erth      58%        N/A       1%          2
 Static Discharge         Conj/Air       41%        3-9/arc   1%          2
 Anguish                  Hex/Necr       34%        N/A       1%          4
 Leda's Liquefaction      Hex/Erth       35%        N/A       1%          4
 Agony                    Necr           93%        N/A       1%          5
 Lee's Rapid Deconstruct  Erth           48%        3d24*     1%          5
 Death Channel            Necr           46%        N/A       1%          6
 Apportation              Tloc           48%        N/A       2%          1
 Freeze                   Ice            96%        1d11      2%          1
 Summon Small Mammal      Summ           96%        N/A       2%          1
 Dazzling Flash           Conj/Hex       82%        N/A       2%          3
 Poisonous Vapours        Pois/Air       48%        N/A       3%          2
 Call Canine Familiar     Summ           24%        N/A       6%          3
 Frozen Ramparts          Ice            48%        1d8       6%          3
 Gell's Gravitas          Tloc           24%        N/A       6%          3
 Ignite Poison            Fire/Tmut/Pois 24%        N/A       6%          3
 Summon Guardian Golem    Hex/Summ       24%        N/A       6%          3
 Teleport Other           Tloc           24%        N/A       6%          3
 Tukima's Dance           Hex            24%        N/A       6%          3
 Fulminant Prism          Conj/Hex       20%        3d13      8%          4
 Hailstorm                Conj/Ice       41%        3d10      8%          4
 Iskenderun's Mystic Bla  Conj/Tloc      41%        2d9       8%          4
 Sticky Flame             Conj/Fire      41%        2d6       8%          4
 Statue Form              Tmut/Erth      46%        N/A       9%          6
 Borgnjor's Revivificati  Necr           46%        N/A       19%         8
 Infestation              Necr           46%        N/A       19%         8
 Ice Form                 Ice/Tmut       24%        N/A       22%         4
 Passage of Golubria      Tloc           24%        N/A       22%         4
 Summon Ice Beast         Ice/Summ       24%        N/A       22%         4
 Fireball                 Conj/Fire      20%        3d10      22%         5
 Lightning Bolt           Conj/Air       20%        1d35      22%         5
 Freezing Cloud           Conj/Ice/Air   17%        6-21      30%         5
 Summon Mana Viper        Hex/Summ       24%        N/A       52%         5
 Yara's Violent Unravell  Hex/Tmut       12%        3d7       52%         5
 Haunt                    Necr/Summ      34%        N/A       54%         7
 Starburst                Conj/Fire      20%        6d7       75%         6
 Death's Door             Necr           46%        N/A       95%         9
 Dispersal                Tloc           12%        N/A       97%         6
 Necromutation            Tmut/Necr      34%        N/A       99%         8
 Enfeeble                 Hex            12%        N/A       100%        7
 Monstrous Menagerie      Summ           12%        N/A       100%        7
 Ignition                 Fire           12%        3d6       100%        8
 Maxwell's Capacitive Co  Air            12%        ∞         100%        8
 Polar Vortex             Ice            12%        N/A       100%        9
 Animate Dead             Necr           Unusable   N/A       N/A         4
 Corpse Rot               Necr/Pois/Air  Unusable   N/A       N/A         4
 Simulacrum               Ice/Necr       Unusable   N/A       N/A         6

Dungeon Overview and Level Annotations

Branches:
Dungeon (15/15)            Temple (0/1) D:6            Lair (5/5) D:9
  Swamp (4/4) Lair:3       Spider (3/4) Lair:3        Slime (0/5) Lair:4
    Orc (2/2) D:10            Elf (0/3) Orc:2        Vaults (0/5) D:14
 Depths (0/4) D:15        Gauntlet (visited)

Altars:
Elyvilon
Gozag
Hepliaklqana
Kikubaaqudgha
Ru
Sif Muna
Uskayaw
Vehumet
Xom
Yredelemnul
Zin

Shops:
D:7 *   Orc:1 *   Orc:2 *[*=[

Portals:
Trove: D:10 (give 18 potions of curing)

Annotations:
D:13 1 exclusion
Spider:1 Donald
Spider:3 Asterion


Innate Abilities, Weirdness & Mutations

You cannot be hasted, slowed, berserked, paralysed or teleported.
You can dig through walls and to a lower floor.
You have a pair of large antennae on your head. (SInv)
Your four strong arms can wield two-handed weapons with a shield.
Your mind is acute. (Int +4, Str/Dex -1)
Your muscles are strong. (Str +4, Int/Dex -1)
You passively dampen the noise of your surroundings.


Message History

You block the redback's attack.
Asterion hits you with a +2 morningstar of holy wrath!
Asterion gores you but does no damage.
A broodmother comes into view.
Asterion blocks your attack.
Asterion is heavily wounded.
The zombie hands constrict Asterion!
The jumping spider pounces on you.
You are caught in a web!
The jumping spider bites you but does no damage.
The redback bites you but does no damage.
Asterion closely misses you. Asterion gores you but does no damage.
The jumping spider leaps!
The jumping spider pounces on you but does no damage.
The jumping spider bites you but does no damage.
The redback completely misses you.
Asterion unleashes a bloodcurdling roar.
Asterion hits you with a +2 morningstar of holy wrath!!
Asterion gores you.
The jumping spider pounces on you but does no damage.
The jumping spider bites you.
You struggle to detach yourself from the web.
The zombie hands constrict Asterion.
The redback closely misses you.
Asterion screams, "What ORB?!
I have an entire kingdom!"
Asterion hits you with a +2 morningstar of holy wrath!!
Asterion gores you!
The jumping spider leaps!
The jumping spider pounces on you but does no damage.
The jumping spider bites you.
The redback bites you but does no damage.
Asterion completely misses you. Asterion gores you but does no damage.
The web tears apart.
The zombie hands constrict Asterion!
The zombie hands release their grip on Asterion.
The jumping spider pounces on you!
You die...
Your body crumbles into a pile of gold.

#......##..#.####..#........
####..##.....#.^#..#...####.
#...####..#..#..#####....
##...#..#^.#.....##....(.#
#^..###...###.........##.#
#...#.........###......#~#
####.^##..#.$..##...##.#~#.#
#####.......^##ss.##.....###~...
#≈~.....#...###@$.#..##...#.##..
#≈~..####..## #sH.#...#.#^#.^...
#≈≈#≈##~....#.^....#.#.#####...#.
###≈# ##..#^###.°#.#~###......##.
## ##...### ..$###^.......###..
#≈.### #s... #...>#.=.#...# #≈##
..#.. ###..#.#.#..^# ## {{ ...#..
#...######... s...#.s.
#.####.......


You could see a broodmother, Asterion (fast), 2 jumping spiders and a redback.

Vanquished Creatures
  the Lernaean hydra (Swamp:4)
  Nikola (Swamp:2)
  Gastronok (Lair:1)
  Kirke (D:15)
  Roxanne (D:14)
  A fire giant (D:15)
  A ghost moth (shapeshifter) (Gauntlet)
  2 ghost moths
  An emperor scorpion (Spider:3)
  A ghoul (Swamp:4)
  An ironbound preserver (D:14)
  A broodmother (Spider:3)
  2 stone giants (D:15)
  4 eleionomae
  4 entropy weavers
  Azrael (D:15)
  5 bunyips
  A minotaur (Gauntlet)
  An ettin (D:15)
  Snorg (D:11)
  Josephine (Lair:4)
  A shambling mangrove (Swamp:1)
  2 yaktaur captains (D:15)
  4 great orbs of eyes (D:15)
  2 ice dragons
  25 hydras
  Fannar (Lair:2)
  3 two-headed ogres
  A jorogumo (Spider:2)
  A salamander tyrant (D:15)
  4 vault guards (D:15)
  A ghost crab (Swamp:4)
  3 ogre magi (D:15)
  8 boulder beetles
  A catoblepas (D:14)
  3 radroaches
  7 centaur warriors
  3 tengu warriors
  9 alligators
  A death knight (D:15)
  An orc high priest (Orc:2)
  The ghost of kalagan the Thaumaturge, a journeyman DECj of Sif Muna (Lair:2)
  Amaemon (Lair:1)
  Sonja (Lair:2)
  7 pharaoh ants
  2 goliath frogs (Swamp:2)
  2 fire crabs
  6 skeletal warriors
  A salamander mystic (D:15)
  8 orb spiders
  A glowing orange brain (D:15)
  7 bog bodies
  5 spriggan druids
  A lindwurm (shapeshifter) (Gauntlet)
  11 swamp dragons
  A wolf spider zombie (D:12)
  Pikel (D:7)
  A wizard (D:14)
  4 deep elf pyromancers (D:15)
  A lindwurm (Lair:4)
  A necromancer (D:15)
  22 ugly things
  A deep elf zephyrmancer (D:15)
  An orc knight (D:13)
  An orc sorcerer (Orc:2)
  4 manticores
  19 wolf spiders
  3 will-o-the-wisps
  3 salamanders (D:15)
  8 elephants
  10 cyclopes
  8 black mambas
  3 moths of wrath (Spider:3)
  A guardian serpent (Lair:5)
  2 centaur skeletons (D:15)
  7 centaur zombies (D:12)
  4 torpor snails
  Maggie (D:6)
  An orange demon (Lair:1)
  2 efreet
  15 cane toads
  An unseen horror (shapeshifter) (D:14)
  3 unseen horrors
  9 demonic crawlers
  2 kobold demonologists
  2 rime drakes
  2 yaktaurs (D:15)
  A freezing wraith (D:15)
  2 tengu conjurers (D:15)
  7 komodo dragons
  21 trolls
  2 bloated husks
  10 polar bears
  9 meliai
  5 tyrant leeches
  A hornet (shapeshifter) (D:10)
  Prince Ribbit (D:7)
  10 hornets
  A blink frog (shapeshifter) (D:10)
  15 tarantellas
  37 blink frogs
  14 slime creatures
  A dream sheep (Lair:5)
  A dream sheep (shapeshifter) (Gauntlet)
  4 meliai zombies (D:12)
  A centaur simulacrum (D:15)
  2 vampires
  18 jumping spiders
  6 spriggans
  14 culicivoras
  7 shadows
  5 wraiths
  36 yaks
  A fire elemental (D:15)
  2 fire bats (Gauntlet)
  4 hogs (D:15)
  A human (shapeshifter) (D:15)
  7 basilisks
  A steam dragon (D:4)
  15 wyverns
  11 vampire mosquitoes
  35 redbacks
  11 swamp worms
  9 wargs
  2 acid dragons
  19 hell hounds
  22 water moccasins
  6 swamp drakes
  A hornet zombie (D:15)
  36 orc warriors
  An ice beast (D:7)
  2 sky beasts
  13 black bears
  4 ogres
  22 wolves
  A boggart (D:15)
  2 lemures (D:7)
  15 centaurs
  A phantom (D:6)
  4 necrophages
  6 kobold brigands
  12 bullfrogs
  2 gnoll sergeants
  A scorpion (D:5)
  12 wights
  22 killer bees
  2 howler monkeys (D:6)
  A vampire bat (D:3)
  2 electric eels
  A crimson imp (Spider:1)
  3 hounds
  A jelly (D:5)
  2 gnoll boudas
  13 orc priests
  A boggart zombie (D:12)
  5 hell rats (Lair:2)
  19 orc wizards
  5 iguanas
  19 gnolls
  6 adders
  4 worms
  3 dart slugs
  57 orcs
  6 ball pythons
  2 bat skeletons (D:3)
  3 bat zombies (D:3)
  7 endoplasms
  5 giant cockroaches
  7 goblins
  8 hobgoblins
  17 kobolds
  6 quokkas
  A bat (shapeshifter) (Gauntlet)
  5 bats
  7 frilled lizards
  6 rats
1070 creatures vanquished.

Vanquished Creatures (others)
  A bush (Lair:5)
  10 foxfires
  27 fungi
  109 plants
147 creatures vanquished.

Grand Total: 1217 creatures vanquished

Notes
Turn   | Place    | Note
-------+----------+-------------------------------------------
     0 | D:1      | DildoBatman the Formicid Conjurer began the quest for the
                  | Orb.
     0 | D:1      | Reached XP level 1. HP: 13/13 MP: 3/3
   293 | D:1      | Reached XP level 2. HP: 13/20 MP: 1/5
   296 | D:1      | Learned a level 2 spell: Searing Ray
   604 | D:1      | Reached skill level 1 in Fighting
   604 | D:1      | Reached skill level 1 in Armour
   680 | D:1      | Reached XP level 3. HP: 26/26 MP: 2/6
   762 | D:1      | Found a faded altar of an unknown god.
  1342 | D:2      | Reached XP level 4. HP: 32/32 MP: 2/8
  1458 | D:2      | Identified the +6 halberd of Winter {pain, MP+9 Str+2
                  | Int+2}
  2070 | D:3      | Found an ancient bone altar of Kikubaaqudgha.
  2077 | D:3      | Became a worshipper of Kikubaaqudgha
  2083 | D:3      | Reached XP level 5. HP: 28/38 MP: 9/9
  2275 | D:3      | Reached skill level 1 in Polearms
  2702 | D:4      | Reached XP level 6. HP: 35/46 MP: 9/11
  2705 | D:4      | Reached * piety under Kikubaaqudgha
  2705 | D:4      | Received a gift from Kikubaaqudgha
  3068 | D:4      | Identified the +2 pair of boots of Hepliaklqana's Pride
                  | {rPois Dex+3 Stlth+}
  3125 | D:4      | Noticed a black bear
  3133 | D:4      | Killed a black bear
  3134 | D:4      | Reached XP level 7. HP: 42/52 MP: 8/13
  3147 | D:4      | Noticed a steam dragon
  3161 | D:4      | Killed a steam dragon
  3162 | D:4      | Reached skill level 5 in Conjurations
  3346 | D:4      | Reached skill level 5 in Spellcasting
  3534 | D:5      | Entered Level 5 of the Dungeon
  3662 | D:5      | Reached XP level 8. HP: 58/58 MP: 16/16
  3804 | D:5      | Noticed a hornet
  3819 | D:5      | HP: 1/58 [hornet (11)]
  3821 | D:5      | Killed a hornet
  4000 | D:5      | Found a shimmering altar of Xom.
  4097 | D:5      | Reached ** piety under Kikubaaqudgha
  4675 | D:6      | Reached XP level 9. HP: 53/67 MP: 15/19
  4679 | D:6      | Reached skill level 5 in Fighting
  4679 | D:6      | Reached skill level 5 in Armour
  4682 | D:6      | Learned a level 2 spell: Sublimation of Blood
  4769 | D:6      | Found a radiant altar of Vehumet.
  4812 | D:6      | Found a hide-covered altar of Uskayaw.
  4817 | D:6      | Found an opulent altar of Gozag.
  4831 | D:6      | Found a white marble altar of Elyvilon.
  4831 | D:6      | Found a shimmering blue altar of Sif Muna.
  4840 | D:6      | Found a glowing silver altar of Zin.
  4847 | D:6      | Found a staircase to the Ecumenical Temple.
  4847 | D:6      | Noticed Maggie
  4896 | D:7      | Noticed Pikel
  4916 | D:7      | Killed Pikel
  5055 | D:7      | Noticed Prince Ribbit
  5065 | D:7      | Killed Prince Ribbit
  5130 | D:7      | Found Anisseecix's Assorted Antiques.
  5249 | D:7      | Bought 3 scrolls labelled MUEMUO LOENGO for 54 gold pieces
  5249 | D:7      | Bought a fuming cyan potion for 16 gold pieces
  5327 | D:7      | Reached XP level 10. HP: 58/77 MP: 20/20
  5394 | D:7      | Reached skill level 5 in Dodging
  5960 | D:7      | Gained mutation: You passively dampen the noise of your
                  | surroundings. [potion of mutation]
  5960 | D:7      | Gained mutation: You are partially covered in iridescent
                  | scales. (AC +2) [potion of mutation]
  5961 | D:7      | Lost mutation: You passively dampen the noise of your
                  | surroundings. [potion of mutation]
  5961 | D:7      | Lost mutation: You are partially covered in iridescent
                  | scales. (AC +2) [potion of mutation]
  5961 | D:7      | Gained mutation: You occasionally lose the ability to drink
                  | potions when taking damage. [potion of mutation]
  5962 | D:7      | Lost mutation: You occasionally lose the ability to drink
                  | potions when taking damage. [potion of mutation]
  5962 | D:7      | Gained mutation: Your movements are slightly less
                  | encumbered by armour. (ER -2) [potion of mutation]
  5962 | D:7      | Gained mutation: Your mind is acute. (Int +4, Str/Dex -1)
                  | [potion of mutation]
  5986 | D:8      | Found a hazy altar of Hepliaklqana.
  6165 | D:8      | Reached *** piety under Kikubaaqudgha
  6165 | D:8      | Received a gift from Kikubaaqudgha
  6183 | D:8      | Learned a level 4 spell: Dispel Undead
  6189 | D:8      | Learned a level 5 spell: Borgnjor's Vile Clutch
  6306 | D:8      | Learned a level 3 spell: Conjure Flame
  6381 | D:8      | Reached skill level 1 in Necromancy
  6381 | D:8      | Reached skill level 1 in Earth Magic
  6990 | D:8      | Reached skill level 2 in Earth Magic
  7138 | D:9      | Reached skill level 3 in Earth Magic
  7175 | D:9      | Reached skill level 4 in Earth Magic
  7217 | D:9      | Reached XP level 11. HP: 54/85 MP: 19/21
  7221 | D:9      | Reached skill level 5 in Earth Magic
  7353 | D:9      | Reached skill level 5 in Necromancy
  7371 | D:9      | Reached skill level 6 in Earth Magic
  7396 | D:9      | Reached **** piety under Kikubaaqudgha
  7412 | D:9      | Reached skill level 7 in Earth Magic
  7635 | D:9      | Found a sacrificial altar of Ru.
  7694 | D:9      | Reached skill level 8 in Earth Magic
  7735 | D:9      | Found a staircase to the Lair.
  7937 | D:9      | Learned a level 3 spell: Stone Arrow
  8236 | D:6      | Killed Maggie
  8321 | D:6      | You fall into a shaft and drop 2 floors!
  8362 | D:10     | Entered Level 10 of the Dungeon
  8505 | D:10     | Reached skill level 9 in Earth Magic
  8538 | D:10     | Reached XP level 12. HP: 68/92 MP: 9/22
  8636 | D:10     | Found a staircase to the Orcish Mines.
  8752 | D:10     | Reached skill level 10 in Earth Magic
  9045 | D:10     | Found a portal to a secret trove of treasure.
  9272 | Orc:1    | Entered Level 1 of the Orcish Mines
  9282 | Orc:1    | Found Yciecir's General Store.
  9390 | Orc:2    | Entered Level 2 of the Orcish Mines
  9609 | Orc:2    | Found a staircase to the Elven Halls.
  9718 | Orc:2    | Found Nivvat's Antique Armour Shop.
  9771 | Orc:2    | Reached skill level 11 in Earth Magic
  9959 | Orc:2    | Reached ***** piety under Kikubaaqudgha
 10030 | Orc:2    | Reached skill level 10 in Necromancy
 10234 | Orc:2    | Noticed an orc high priest
 10256 | Orc:2    | Reached skill level 12 in Earth Magic
 10310 | Orc:2    | Killed an orc high priest
 10529 | Orc:2    | Found Izomuti's Armour Emporium.
 10529 | Orc:2    | Found Kovag's General Store.
 10531 | Orc:2    | Found Qiecvi's Jewellery Boutique.
 10533 | Orc:2    | Found Qoudgh's Assorted Antiques.
 10545 | Orc:2    | Bought a brown potion for 29 gold pieces
 10545 | Orc:2    | Bought a scroll labelled PECRELL GASCH for 33 gold pieces
 10863 | D:11     | Reached XP level 13. HP: 83/98 MP: 23/23
 11092 | D:11     | Noticed a boulder beetle
 11093 | D:11     | Noticed a boulder beetle
 11130 | D:11     | Killed a boulder beetle
 11155 | D:11     | Killed a boulder beetle
 11620 | D:11     | Noticed Snorg
 11631 | D:11     | Killed Snorg
 12028 | D:12     | Noticed a six-headed hydra
 12038 | D:12     | Killed a six-headed hydra
 12155 | D:12     | Found a basalt altar of Yredelemnul.
 12715 | D:13     | Found a gate leading to a gauntlet.
 12738 | Gauntlet | Entered a Gauntlet
 12738 | Gauntlet | Found a transporter.
 12738 | Gauntlet | Found a transporter.
 12742 | Gauntlet | Found a transporter.
 12742 | Gauntlet | Found a transporter.
 12749 | Gauntlet | Found a transporter.
 12764 | Gauntlet | Found a transporter.
 12771 | Gauntlet | Found a transporter.
 12774 | Gauntlet | Found a transporter.
 12775 | Gauntlet | Noticed an entropy weaver
 12778 | Gauntlet | Found a transporter.
 12803 | Gauntlet | Found a transporter.
 12810 | Gauntlet | Found a transporter.
 12834 | Gauntlet | Noticed an anaconda
 12834 | Gauntlet | a shock serpent changed into an anaconda
 12835 | Gauntlet | an anaconda changed into a glowing orange brain
 12854 | Gauntlet | Found a transporter.
 12863 | Gauntlet | Found a transporter.
 12870 | Gauntlet | Noticed a balrug
 12879 | Gauntlet | Found a transporter.
 12983 | Gauntlet | Found a transporter.
 12997 | Gauntlet | Found a transporter.
 13255 | Gauntlet | Noticed a radroach
 13255 | Gauntlet | a slime creature changed into a radroach
 13260 | Gauntlet | Noticed a four-headed hydra
 13260 | Gauntlet | a radroach changed into a four-headed hydra
 13274 | Gauntlet | Reached XP level 14. HP: 108/108 MP: 26/26
 13280 | Gauntlet | Noticed a bunyip
 13282 | Gauntlet | Noticed a broodmother
 13282 | Gauntlet | a bunyip changed into a broodmother
 13283 | Gauntlet | Noticed a spark wasp
 13283 | Gauntlet | a broodmother changed into a spark wasp
 13285 | Gauntlet | a spark wasp changed into a radroach
 13320 | Gauntlet | Noticed a ghost moth
 13320 | Gauntlet | a goliath frog changed into a ghost moth
 13322 | Gauntlet | Killed a ghost moth
 13324 | Gauntlet | Reached ****** piety under Kikubaaqudgha
 13325 | Gauntlet | Received a gift from Kikubaaqudgha
 13336 | Gauntlet | Identified the amulet of Gin and Tonic {RegenMP Str-3 Int-3
                  | Dex+7 SInv}
 13531 | Gauntlet | Identified the +9 dagger "Kul Pica" {vorpal, rElec rF+}
 13531 | Gauntlet | Noticed a minotaur
 13538 | Gauntlet | Killed a minotaur
 13714 | D:13     | Reached skill level 10 in Fighting
 13814 | D:12     | Noticed a tengu reaver
 13814 | D:12     | Noticed a frost giant
 13814 | D:12     | Noticed a tengu reaver
 13814 | D:12     | Noticed a sphinx
 13893 | D:13     | Reached skill level 10 in Armour
 13911 | D:13     | Reached skill level 1 in Shields
 14187 | D:6      | Fell from the grace of Kikubaaqudgha
 14188 | D:6      | Became a worshipper of Gozag Ym Sagoz the Greedy
 14266 | Lair:1   | Entered Level 1 of the Lair of Beasts
 14294 | Lair:1   | Noticed Amaemon
 14302 | Lair:1   | Killed Amaemon
 14546 | Lair:1   | Noticed Gastronok
 14555 | Lair:1   | Killed Gastronok
 14602 | Lair:1   | Found a radiant altar of Vehumet.
 15205 | Lair:2   | Found a large runed translucent door.
 15205 | Lair:2   | Found a large runed translucent door.
 15207 | Lair:2   | Noticed kalagan's ghost (journeyman DECj)
 15222 | Lair:2   | Noticed Fannar
 15239 | Lair:2   | Killed Fannar
 15457 | Lair:2   | Noticed Sonja
 15460 | Lair:2   | Killed Sonja
 15876 | Lair:2   | Killed kalagan's ghost
 15901 | Lair:3   | Found a hole to the Spider Nest.
 15952 | Lair:3   | Reached skill level 5 in Shields
 16005 | Lair:3   | Found a staircase to the Swamp.
 16013 | Lair:3   | Reached XP level 15. HP: 71/117 MP: 27/28
 16061 | Lair:3   | Found a shimmering altar of Xom.
 16798 | Lair:4   | Reached skill level 10 in Spellcasting
 17282 | Lair:4   | Found a staircase to the Slime Pits.
 17282 | Lair:4   | Noticed Josephine
 17287 | Lair:4   | Killed Josephine
 17384 | Lair:5   | Entered Level 5 of the Lair of Beasts
 18265 | Lair:5   | Reached XP level 16. HP: 127/127 MP: 31/31
 18629 | Lair:5   | Reached skill level 10 in Shields
 18647 | Lair:5   | Was forgiven by Kikubaaqudgha
 18744 | Lair:5   | Identified the amulet of Giolon {Faith rPois rN+ Stlth+}
 19274 | Orc:1    | Bought a wand of roots (5) for 132 gold pieces
 19314 | Orc:2    | Bought a potion of brilliance for 132 gold pieces
 19314 | Orc:2    | Bought 2 potions of curing for 198 gold pieces
 19317 | Orc:2    | Bought a wand of acid (2) for 134 gold pieces
 19473 | D:7      | Bought a potion of magic for 144 gold pieces
 19473 | D:7      | Bought a wand of acid (9) for 680 gold pieces
 20176 | D:14     | Found a gate to the Vaults.
 20271 | D:14     | Noticed Roxanne
 20302 | D:14     | Killed Roxanne
 21078 | D:14     | Reached skill level 15 in Shields
 21094 | D:14     | Identified the ring of the Omega Point {Fire +Blink Int-3
                  | Dex+4 Slay+2}
 21232 | D:15     | Entered Level 15 of the Dungeon
 21307 | D:15     | Found a basalt altar of Yredelemnul.
 21320 | D:15     | Identified the +7 plate armour "Xuudor" {Drain rElec MP+9}
 21351 | D:15     | Reached XP level 17. HP: 85/133 MP: 25/33
 21454 | D:15     | Found a shimmering blue altar of Sif Muna.
 21595 | D:15     | Found a shimmering blue altar of Sif Muna.
 21721 | D:15     | Identified the ring of Sunlight {rF+ Will+ Int+6 SInv}
 21760 | D:15     | Noticed Kirke
 21777 | D:15     | Killed Kirke
 21817 | D:15     | Reached skill level 13 in Earth Magic
 21829 | D:15     | Found a transporter.
 21846 | D:15     | Noticed Azrael
 21856 | D:15     | Killed Azrael
 21876 | D:15     | Identified the ring of Lulo {Wiz rPois Str+4 Stlth-}
 21910 | D:15     | Found a transporter.
 22026 | D:15     | Identified the ring "Varid" {Fire Str+3 Int+3}
 22040 | D:15     | Found a staircase to the Depths.
 22535 | Swamp:1  | Entered Level 1 of the Swamp
 22617 | Swamp:1  | Identified the +1 ring mail "Ikuleiq" {MP+9 Dex+3}
 22970 | Swamp:1  | Reached skill level 14 in Earth Magic
 23151 | Swamp:2  | Reached XP level 18. HP: 115/140 MP: 35/35
 23154 | Swamp:2  | Noticed Nikola
 23170 | Swamp:2  | Killed Nikola
 23667 | Swamp:2  | Gained mutation: You are weak. (Str -2) [mutagenic glow]
 23685 | Swamp:2  | Gained mutation: Your spells are a little easier to cast,
                  | but a little less powerful. [mutagenic glow]
 23703 | Swamp:2  | Gained mutation: You are frail. (-10% HP) [mutagenic glow]
 23704 | Swamp:2  | Lost mutation: Your spells are a little easier to cast, but
                  | a little less powerful. [potion of mutation]
 23704 | Swamp:2  | Lost mutation: Your mind is acute. (Int +4, Str/Dex -1)
                  | [potion of mutation]
 23704 | Swamp:2  | Lost mutation: You are frail. (-10% HP) [potion of
                  | mutation]
 23704 | Swamp:2  | Gained mutation: Your spells are a little harder to cast,
                  | but a little more powerful. [potion of mutation]
 23704 | Swamp:2  | Gained mutation: You are covered in fur. (AC +1) [potion of
                  | mutation]
 24160 | Swamp:3  | Lost mutation: You are covered in fur. (AC +1) [potion of
                  | mutation]
 24160 | Swamp:3  | Lost mutation: You are weak. (Str -2) [potion of mutation]
 24160 | Swamp:3  | Lost mutation: Your movements are slightly less encumbered
                  | by armour. (ER -2) [potion of mutation]
 24160 | Swamp:3  | Gained mutation: You passively dampen the noise of your
                  | surroundings. [potion of mutation]
 24161 | Swamp:3  | Lost mutation: You passively dampen the noise of your
                  | surroundings. [potion of mutation]
 24161 | Swamp:3  | Lost mutation: Your spells are a little harder to cast, but
                  | a little more powerful. [potion of mutation]
 24161 | Swamp:3  | Gained mutation: Armour fits poorly on your strangely
                  | shaped body. [potion of mutation]
 24161 | Swamp:3  | Gained mutation: You do not regenerate when monsters are
                  | visible. [potion of mutation]
 24161 | Swamp:3  | Gained mutation: You are robust. (+10% HP) [potion of
                  | mutation]
 24162 | Swamp:3  | Lost mutation: You are robust. (+10% HP) [potion of
                  | mutation]
 24162 | Swamp:3  | Lost mutation: Armour fits poorly on your strangely shaped
                  | body. [potion of mutation]
 24162 | Swamp:3  | Gained mutation: Your magical capacity is low. (-10% MP)
                  | [potion of mutation]
 24162 | Swamp:3  | Gained mutation: You have sharp toenails. [potion of
                  | mutation]
 24162 | Swamp:3  | Gained mutation: You are partially covered in iridescent
                  | scales. (AC +2) [potion of mutation]
 24163 | Swamp:3  | Lost mutation: You are partially covered in iridescent
                  | scales. (AC +2) [potion of mutation]
 24163 | Swamp:3  | Lost mutation: You do not regenerate when monsters are
                  | visible. [potion of mutation]
 24163 | Swamp:3  | Lost mutation: You have sharp toenails. [potion of
                  | mutation]
 24163 | Swamp:3  | Gained mutation: Your mind is acute. (Int +4, Str/Dex -1)
                  | [potion of mutation]
 24163 | Swamp:3  | Gained mutation: You are weak. (Str -2) [potion of
                  | mutation]
 24163 | Swamp:3  | Gained mutation: Your system is resistant to poisons.
                  | (rPois) [potion of mutation]
 24164 | Swamp:3  | Lost mutation: You are weak. (Str -2) [potion of mutation]
 24164 | Swamp:3  | Lost mutation: Your mind is acute. (Int +4, Str/Dex -1)
                  | [potion of mutation]
 24164 | Swamp:3  | Gained mutation: You are partially covered in iridescent
                  | scales. (AC +2) [potion of mutation]
 24165 | Swamp:3  | Lost mutation: Your magical capacity is low. (-10% MP)
                  | [potion of mutation]
 24165 | Swamp:3  | Lost mutation: Your system is resistant to poisons. (rPois)
                  | [potion of mutation]
 24165 | Swamp:3  | Gained mutation: You are clumsy. (Dex -2) [potion of
                  | mutation]
 24165 | Swamp:3  | Gained mutation: Your mind is acute. (Int +4, Str/Dex -1)
                  | [potion of mutation]
 24166 | Swamp:3  | Lost mutation: You are clumsy. (Dex -2) [potion of
                  | mutation]
 24166 | Swamp:3  | Lost mutation: You are partially covered in iridescent
                  | scales. (AC +2) [potion of mutation]
 24166 | Swamp:3  | Gained mutation: You passively dampen the noise of your
                  | surroundings. [potion of mutation]
 24166 | Swamp:3  | Gained mutation: Your muscles are strong. (Str +4, Int/Dex
                  | -1) [potion of mutation]
 24403 | Swamp:4  | Entered Level 4 of the Swamp
 24502 | Swamp:4  | Identified the ring of Wemiwk {Drain rPois rF- rN+ rCorr}
 24521 | Swamp:4  | Reached skill level 15 in Earth Magic
 24905 | Swamp:4  | Noticed the 27-headed Lernaean hydra
 24924 | Swamp:4  | Killed the 27-headed Lernaean hydra
 25040 | Swamp:4  | Got a decaying rune of Zot
 25653 | Spider:1 | Entered Level 1 of the Spider Nest
 25833 | Spider:1 | Reached XP level 19. HP: 81/146 MP: 31/37
 25875 | Spider:1 | You fall into a shaft and drop 1 floor!
 25875 | Spider:2 | Noticed Donald
 26056 | Spider:1 | Reached skill level 16 in Earth Magic
 26059 | Spider:1 | Reached skill level 15 in Necromancy
 26458 | Spider:1 | Reached skill level 15 in Spellcasting
 26991 | Spider:1 | You fall into a shaft and drop 1 floor!
 27846 | Spider:3 | Identified the +1 helmet "Anwuowec" {Dex+5}
 27884 | Spider:3 | Reached skill level 17 in Earth Magic
 28556 | Spider:3 | Noticed Asterion
 28573 | Spider:3 | HP: 6/146 [Asterion/+2 morningstar of holy wrath (7)]
 28574 | Spider:3 | Slain by a jumping spider

Illustrated notes

Levels and vault maps discovered:
D:1:      sevenhm_arrival_forest_fort_large_4, layout_basic,
          chequers_ecumenical_altar_lobes
D:2:      layout_loops_ring, mrwooster_statue_mirror, kennysheep_generic_room_7
D:3:      layout_loops_ring, kennysheep_vampire_church
D:4:      layout_cave_pools
D:5:      layout_loops_corners, mainiacjoe_overflow_cross_hatched,
          columned_hall_lemuel
D:6:      layout_rooms, nicolae_overflow_hallway_of_the_gods,
          mainiacjoe_overflow_surrounded_room, temple_statues, uniq_maggie
D:7:      kennysheep_six_static_rooms, layout_basic, serial_shops,
          nicolae_shop_statue_plus, uniq_pikel, uniq_prince_ribbit1
D:8:      minmay_distorted_concentric_squares, layout_cave_pods,
          worldfamousw_hep_ancestral_shrine, serial_glass, glass_columns_b,
          glass_columns_a
D:9:      lemuel_troll_bridge, layout_basic, kennysheep_mini,
          minmay_lair_entry_grove, kennysheep_big_empty_room
D:10:     layout_irregular_city, orc_0_dummy, trove_entry_hex_spiral,
          minmay_fractal_squares_gapless_7
D:11:     kennysheep_ambush_hall, layout_stronghold, uniq_snorg
D:12:     minmay_connected_triangles_in_corner, layout_cave_pools,
          nicolae_yredelemnul_corpse_copse
D:13:     layout_irregular_city, gauntlet_entry_generic
D:14:     layout_loops_ring, skrybe_vaults_entry_preservation,
          kennysheep_opposing_triangles, uniq_roxanne
D:15:     hangedman_spin_cycle, serial_shops
Lair:1:   layout_cave_pods, basic_altar, grunt_megastairs_3,
          serial_bayou_shore_b, uniq_gastronok, uniq_amaemon
Lair:2:   dragon1_lemuel, layout_hall_layers, ebering_ghost_disaster_area,
          roderic_carrion_pond, uniq_sonja, uniq_fannar
Lair:3:   layout_layer_cave, minmay_swamp_entry_wisps,
          hellmonk_spider_entry_not_the_bees, basic_altar,
          chequers_serial_rivers_small_a
Lair:4:   layout_long_grid, dpeg_slime_entry_enclosed, uniq_josephine
Lair:5:   hangedman_lair_tendril_chambers, layout_regular_city,
          hangedman_lair_caniforms_friends, minivault_24
Swamp:1:  layout_basic_swamp, hangedman_swamp_blocks
Swamp:2:  layout_falls_marsh, hangedman_swamp_lotus, uniq_nikola, uniq_kirke
Swamp:3:  layout_basic_swamp, hangedman_swamp_pad, swamp_pool1
Swamp:4:  swamp_old_school, layout_basic_swamp
Spider:1: layout_chambers, nicolae_crawler_farm,
          hangedman_spider_tarantella_strand
Spider:2: layout_spider_delve, uniq_donald
Spider:3: layout_spider_delve, nicolae_spider_moth_buddies, uniq_asterion
Orc:1:    layout_diamond_mine, serial_shops, shop
Orc:2:    st_orc_rangers, layout_diamond_mine, serial_shops,
          nicolae_shop_overgrown_old_shop

Skill      XL: |  1  2  3  4  5  6  7  8  9 10 11 12 13 14 15 16 17 18 19 |
---------------+----------------------------------------------------------+-----
Dodging        | 2 3 4 5 7 8 9 |  9.0
Fighting       | 1 2 3 4 6 7 9 10 12 | 12.0
Armour         | 1 2 3 4 6 7 9 10 12 | 12.0
Conjurations   | 4 5 |  5.0
Spellcasting   | 3 4 5 7 8 9 11 12 13 14 15 | 15.0
Polearms       | 1 2 |  2.0
Necromancy     | 3 7 10 12 13 14 16 | 16.2
Earth Magic    | 4 9 12 14 15 17 | 17.6
Shields        | 5 9 16 | 16.0
Stealth        | |  2.4

Action                   |  1- 3 |  4- 6 |  7- 9 | 10-12 | 13-15 | 16-18 | 19-21 || total
-------------------------+-------+-------+-------+-------+-------+-------+-------++-------
Melee: Dagger            |    22 |       |       |       |       |     7 |       ||    29
       Punch             |     1 |       |     2 |     3 |     2 |       |       ||     8
       Halberd           |       |    51 |    27 |   215 |   389 |   356 |   181 ||  1219
       Spear             |       |     1 |       |       |       |       |       ||     1
 Fire: Sling             |       |       |     2 |       |       |       |       ||     2
       Shortbow          |       |       |       |     1 |       |       |       ||     1
 Cast: Magic Dart        |    65 |    34 |    40 |    17 |       |       |       ||   156
       Searing Ray       |     2 |    16 |    46 |    54 |       |       |       ||   118
       Conjure Flame     |       |       |       |     1 |     7 |    10 |       ||    18
       Borgnjor's Vile C |       |       |       |    88 |   212 |   347 |   138 ||   785
       Dispel Undead     |       |       |       |     1 |    15 |     9 |       ||    25
       Sublimation of Bl |       |       |       |    18 |    20 |    24 |    16 ||    78
       Stone Arrow       |       |       |       |       |    11 |    35 |     2 ||    48
Invok: Receive Forbidden |       |       |       |       |     1 |       |       ||     1
       Renounce Religion |       |       |       |       |     1 |       |       ||     1
 Abil: Dig               |       |       |       |     2 |     4 |       |       ||     6
       Shaft Self        |       |       |       |     1 |       |       |     1 ||     2
  Use: Potion            |       |       |     2 |     6 |     1 |     8 |       ||    17
       Scroll            |       |       |       |     7 |    12 |     5 |       ||    24
 Stab: Sleeping          |     2 |     9 |     4 |     2 |     3 |     2 |     2 ||    24
       Distracted        |       |       |       |       |     9 |     6 |     4 ||    19
       Petrified         |       |       |       |       |       |     5 |       ||     5
Armor: Robe              |     6 |    30 |    28 |     5 |       |       |       ||    69
       Acid dragon scale |       |       |       |    35 |       |       |       ||    35
       Troll leather arm |       |       |       |    57 |   152 |   159 |   125 ||   493
Dodge: Dodged            |    24 |    55 |    47 |   349 |   411 |   281 |   182 ||  1349
Block: Buckler           |       |       |       |       |   125 |   196 |   155 ||   476
       Reflection        |       |       |       |       |     1 |       |       ||     1
